 Dungeon Crawl Stone Soup version 0.28.0-62-gf88900778d (webtiles) character file.

Game seed: 6960772243174007402

124392 cbfl8 the Severer (level 16, -6/116 HPs)
             Began as a Demonspawn Fighter on Sept 5, 2023.
             Was the Champion of Hepliaklqana.
             Mangled by a merfolk impaler (illusionary)
             ... wielding a +0 trident of distortion
              (15 damage)
             ... on level 1 of the Shoals.
             The game lasted 00:47:36 (27487 turns).

cbfl8 the Severer (Demonspawn Fighter)             Turns: 27487, Time: 00:47:37

Health: -6/116     AC: 23    Str: 21    XL:     16   Next: 39%
Magic:  16/16      EV:  6    Int: 13    God:    Hepliaklqana [******]
Gold:   1533       SH: 13    Dex: 22    Spells: 15/15 levels left

rFire   + + +      SeeInvis .   O - +3 broad axe (elec)
rCold   + . .      Faith    .   h - +0 kite shield {reflect}
rNeg    . . .      Spirit   .   K - +1 plate armour of Greater Demons {rF+}
rPois   +          Reflect  +   (helmet unavailable)
rElec   .          Harm     .   g - scarf {rC+ rF+}
rCorr   +          Rampage  .   A - +1 pair of gloves
Will    +....                   j - +0 pair of boots
Stlth   ..........              k - amulet of regeneration
HPRegen 1.09/turn               y - ring of Liberty {rPois rF+ rCorr Str-3 Dex+6}
MPRegen 0.15/turn               p - +6 ring of strength

@: mesmerised, very slow
A: reduced essence, horns 3, icy blue scales 2, foul stench 2, powered by death
3
a: Renounce Religion, Recall Ancestor, Ancestor Identity, Transference, Idealise


You were on level 1 of the Shoals.
You worshipped Hepliaklqana.
Hepliaklqana was exalted by your worship.
You visited 5 branches of the dungeon, and saw 25 of its levels.
You visited the Abyss 1 time.
You also visited: Ice Cave.

You collected 3314 gold pieces.
You spent 1781 gold pieces at shops.

Inventory:

Hand Weapons
 O - a +3 broad axe of electrocution (weapon)
Missiles
 R - 5 throwing nets
Armour
 g - a scarf of resistance (worn)
 h - a +0 kite shield of reflection (worn)
 j - a +0 pair of boots (worn)
 A - a +1 pair of gloves (worn)
 K - the +1 plate armour of Greater Demons (worn) {rF+}
   (You bought it in a shop on level 2 of the Orcish Mines)

   rF:        It protects you from fire.
 N - a +0 crystal plate armour
Jewellery
 k - an amulet of regeneration (around neck)
 p - a +6 ring of strength (right hand)
 y - the ring of Liberty (left hand) {rPois rF+ rCorr Str-3 Dex+6}
   (You found it on level 13 of the Dungeon)

   [ring of dexterity]

   Str:       It affects your strength (-3).
   Dex:       It affects your dexterity (+6).
   rF:        It protects you from fire.
   rPois:     It protects you from poison.
   rCorr:     It protects you from acid and corrosion.
 F - a ring of protection from cold
 G - a ring of flight
Wands
 b - a wand of flame (31)
 o - a wand of polymorph (2)
 r - a wand of digging (3)
 B - a wand of charming (4)
 E - a wand of acid (7)
Scrolls
 c - 2 scrolls of immolation
 n - 6 scrolls of noise
 s - 2 scrolls of teleportation
 u - 3 scrolls of fog
 D - 2 scrolls of magic mapping
 H - 6 scrolls of enchant armour
 I - 2 scrolls of silence
Potions
 a - a potion of magic {unknown}
 e - 2 potions of mutation
 f - 2 potions of berserk rage
 l - 4 potions of lignification
 m - 2 potions of might
 q - 7 potions of curing
 v - 2 potions of ambrosia
 w - 2 potions of haste
 x - 2 potions of invisibility
 C - 2 potions of brilliance {unknown}
 J - 3 potions of flight
 P - 2 potions of cancellation {unknown}
 Q - a potion of resistance {unknown}
Miscellaneous
 t - a condenser vane (quivered)


   Skills:
 + Level 12.6 Fighting
 + Level 16.8 Axes
 + Level 11.8 Armour
 + Level 9.8 Shields
 * Level 13.8 Evocations


You had 15 spell levels left.
You didn't know any spells.
Your spell library contained the following spells:

 Spells                   Type           Power      Damage    Failure   Level
 Animate Skeleton         Necr           0%         N/A       100%        1
 Apportation              Tloc           0%         N/A       100%        1
 Freeze                   Ice            0%         1d3       100%        1
 Magic Dart               Conj           0%         1d3       100%        1
 Pain                     Necr           0%         1d4       100%        1
 Sting                    Tmut/Pois      0%         1d3       100%        1
 Summon Small Mammal      Summ           0%         N/A       100%        1
 Blink                    Tloc           0%         N/A       100%        2
 Call Imp                 Summ           0%         N/A       100%        2
 Poisonous Vapours        Pois/Air       0%         N/A       100%        2
 Scorch                   Fire           0%         2d5       100%        2
 Static Discharge         Conj/Air       0%         N/A       100%        2
 Conjure Flame            Conj/Fire      0%         6-21      100%        3
 Frozen Ramparts          Ice            0%         1d2       100%        3
 Ignite Poison            Fire/Tmut/Pois 0%         N/A       100%        3
 Inner Flame              Hex/Fire       0%         N/A       100%        3
 Mephitic Cloud           Conj/Pois/Air  0%         N/A       100%        3
 Vampiric Draining        Necr           0%         2d6       100%        3
 Cause Fear               Hex            0%         N/A       100%        4
 Flame Wave               Conj/Fire      0%         2d4       100%        4
 Hailstorm                Conj/Ice       0%         3d3       100%        4
 Olgreb's Toxic Radiance  Pois           0%         N/A       100%        4
 Sticky Flame             Conj/Fire      0%         2d3       100%        4
 Freezing Cloud           Conj/Ice/Air   0%         6-21      100%        5
 Lightning Bolt           Conj/Air       0%         1d11      100%        5
 Manifold Assault         Tloc           0%         N/A       100%        5
 Simulacrum               Ice/Necr       0%         N/A       100%        6
 Starburst                Conj/Fire      0%         6d3       100%        6
 Storm Form               Tmut/Air       0%         N/A       100%        7
 Discord                  Hex            0%         N/A       100%        8
 Maxwell's Capacitive Co  Air            0%         ∞         100%        8
 Chain Lightning          Conj/Air       0%         N/A       100%        9
 Fire Storm               Conj/Fire      0%         5d1       100%        9
 Polar Vortex             Ice            0%         N/A       100%        9
 Shatter                  Erth           0%         3d5*      100%        9


Dungeon Overview and Level Annotations

Branches:
Dungeon (15/15)            Temple (1/1) D:4            Lair (6/6) D:8
 Shoals (1/4) Lair:3       Spider (0/4) Lair:2        Slime (0/5) Lair:5
    Orc (2/2) D:10            Elf (0/3) Orc:2        Vaults (0/5) D:14
 Depths (0/4) D:15          IceCv (visited)

Altars:
Ashenzari
Cheibriados
Elyvilon
Gozag
Hepliaklqana
Kikubaaqudgha
Makhleb
Qazlal
Ru
Sif Muna
Trog
Uskayaw
Wu Jian
Xom
Yredelemnul
Zin
The Shining One
Beogh
Jiyva

Shops:
D:1 (   D:5 *   D:12 :[   Orc:1 *[   Orc:2 ([?(

Annotations:
D:13 3 runed translucent doors, cbfl8's ghost, journeyman MiBe


Innate Abilities, Weirdness & Mutations

Your life essence is reduced to manifest your ancestor. (-10% HP)
You have a pair of large horns on your head.
You are mostly covered in icy blue scales. (AC +3)
You sometimes emit foul miasma when damaged in melee.
You regenerate a lot of health from kills.


Message History

You enter the shallow water.
Moving in this stuff is going to be slow.
The merfolk avatar chants its luring song.
The rakshasa weaves an illusion.
The merfolk impaler shimmers and seems to become two!
The merfolk impaler hits you with a +0 trident of distortion.
* * * LOW HITPOINT WARNING * * *
Space warps around you.
* * * LOW HITPOINT WARNING * * *
You feel much better.
The merfolk impaler hits you with a +0 trident of distortion!
Space warps around you. You block the merfolk impaler's attack.
The merfolk avatar chants its luring song.
The merfolk impaler hits you with a +0 trident of distortion.
* * * LOW HITPOINT WARNING * * *
You resist the pull of the Abyss.
You emit a cloud of foul miasma!
You block the merfolk impaler's attack.
The merfolk impaler is engulfed in dark miasma.
The merfolk impaler is poisoned.
The merfolk impaler hits you but does no damage.
Space warps horribly around you!!
* * * LOW HITPOINT WARNING * * *
Okay, then.
Cleave: O) +3 broad axe (elec)
Press: ? - help, Dir - move target, f - merfolk impaler
Aim: a merfolk impaler, wielding a +0 trident of distortion and wearing a +0 robe (moderately wounded, about 45% to evade your +3 broad axe of electrocution)
Your unstable footing causes you to fumble your attack.
The pull of its song draws you forwards.
The merfolk avatar chants its luring song.
The rakshasa weaves an illusion.
The merfolk avatar shimmers and seems to become two!
The merfolk impaler hits you but does no damage.
Space warps around you.
* * * LOW HITPOINT WARNING * * *
The merfolk impaler is engulfed in dark miasma.
The merfolk impaler looks even sicker.
The merfolk impaler seems to slow down.
The merfolk impaler hits you from afar with a +0 trident of distortion.
* * * LOW HITPOINT WARNING * * *
Space warps horribly around you!
You die...

≈≈≈≈≈≈≈≈≈≈≈≈≈≈≈....≈...
≈≈≈≈≈≈≈≈≈≈..≈≈≈≈....(..#
≈≈≈≈≈≈≈≈..#.≈≈≈≈.......#
≈≈≈≈≈≈.≈.##..≈≈...≈.....
≈≈≈≈≈≈.......R≈≈.≈<≈≈...
.≈≈≈.≈≈≈......≈≈≈≈≈≈≈...
.≈≈≈....m#...≈≈≈≈≈≈≈....
..≈≈.#.m≈>.P≈P≈≈≈≈≈≈≈.≈≈
..≈≈≈..@P≈≈≈≈≈≈≈≈≈≈≈≈≈≈≈
#.≈≈≈≈≈≈≈≈≈P≈≈≈≈≈≈≈≈≈≈≈≈
#.≈≈≈≈m≈≈P≈PP≈≈≈≈≈≈≈≈≈≈≈
.≈≈≈≈≈m≈PPP≈≈≈≈≈≈≈≈≈≈≈≈≈
≈≈≈≈≈≈≈≈≈≈≈≈P≈≈≈ ≈≈≈≈
≈≈≈≈≈≈≈≈≈≈≈≈≈≈≈≈ ≈≈≈≈
≈≈≈≈≈≈≈≈≈≈≈≈≈≈≈≈ ≈≈≈≈
≈≈≈≈≈≈≈≈≈≈≈≈≈≈≈ ≈≈≈


You could see 2 merfolk avatars, 2 merfolk impalers and a rakshasa.

Vanquished Creatures
  Donald (Shoals:1)
  2 orc warlords
  A merfolk javelineer (Shoals:1)
  5 hydras
  An ice dragon (D:12)
  A boulder beetle (D:12)
  2 ogre magi (D:15)
  3 centaur warriors
  A merfolk avatar (Lair:6)
  16 two-headed ogres
  5 death yaks
  Sonja (D:12)
  A deep elf knight (D:13)
  11 skeletal warriors
  A spark wasp zombie (D:15)
  A deep troll (Orc:2)
  A bunyip skeleton (Abyss:3)
  2 lindwurms
  3 deep elf pyromancers
  A wizard (D:15)
  An orc knight (Orc:1)
  A necromancer (D:15)
  A frost giant zombie (D:15)
  3 harpies (Shoals:1)
  2 wolf spiders
  3 orc sorcerers
  2 fauns (Shoals:1)
  5 ugly things
  3 manticores
  6 cyclopes
  8 elephants
  A merfolk siren (Shoals:1)
  5 black mambas
  2 ice statues (IceCv)
  A smoke demon (Abyss:3)
  2 water nymphs (Shoals:1)
  4 gargoyles
  13 cane toads
  A kobold demonologist (D:9)
  5 komodo dragons
  7 rime drakes
  2 efreet
  A tengu conjurer (D:13)
  2 merfolk (Shoals:1)
  8 trolls
  A troll (shapeshifter) (D:14)
  A wind drake (Shoals:1)
  3 harpy zombies (Shoals:1)
  A hornet (D:9)
  7 polar bears
  19 slime creatures
  3 meliai (Lair:4)
  3 large abominations (Abyss:3)
  17 blink frogs
  A meliai zombie (D:10)
  4 dream sheep (Lair:6)
  2 snapping turtles (Lair:6)
  A centaur simulacrum (Abyss:3)
  2 culicivoras (Lair:2)
  A jumping spider (shapeshifter) (D:10)
  A shadow (D:11)
  A ynoxinul (Abyss:3)
  8 wyverns
  A wraith (D:7)
  36 yaks
  2 basilisks (Lair:3)
  2 steam dragons (Lair:4)
  4 vampire mosquitoes (D:14)
  An acid dragon (D:14)
  2 wargs (Orc:2)
  10 water moccasins
  A sky beast (D:7)
  25 orc warriors
  An ice beast (D:6)
  10 black bears
  16 ogres
  13 wolves
  13 centaurs
  2 kobold brigands (D:10)
  A gnoll sergeant (D:7)
  12 bullfrogs
  3 cane toad simulacra (IceCv)
  A scorpion (D:3)
  28 killer bees
  An oklob sapling (D:9)
  4 wights
  3 howler monkeys
  A crimson imp (D:7)
  A bullfrog zombie (D:5)
  4 centaur zombies
  4 hounds
  18 orc priests
  2 gnoll shamans
  6 jellies
  A bullfrog skeleton (D:6)
  5 iguanas
  Natasha (thrice) (D:4)
  18 orc wizards
  10 hell rats
  2 polar bear simulacra (IceCv)
  A howler monkey zombie (D:9)
  Robin (D:4)
  8 gnolls
  13 adders
  A howler monkey skeleton (D:4)
  A white imp (D:6)
  An ufetubus (D:5)
  4 worms
  A dart slug (D:2)
  64 orcs
  2 bat zombies (Shoals:1)
  8 endoplasms
  5 giant cockroaches
  17 goblins
  13 hobgoblins
  6 jackals
  2 quokkas
  12 ball pythons
  7 bats
  6 frilled lizards
  9 kobolds
  10 rats
684 creatures vanquished.

Vanquished Creatures (collateral kills)
  Nessos (Lair:5)
  2 ogre magi (Orc:2)
  2 hydras
  9 two-headed ogres
  A death yak (Lair:3)
  An orc high priest (Orc:1)
  A thrashing horror (Abyss:3)
  2 skeletal warriors
  A spatial maelstrom (Abyss:3)
  A deep troll (Orc:2)
  A flayed ghost (D:15)
  A lindwurm (Lair:5)
  3 harpies
  A faun (Shoals:1)
  A necromancer (D:14)
  An orc knight (Orc:1)
  A frost giant zombie (D:15)
  2 elephants (Lair:6)
  2 centaur zombies (D:10)
  9 cane toads
  A kobold demonologist (D:9)
  A yaktaur (shapeshifter) (D:14)
  A rime drake (Lair:6)
  A komodo dragon (Lair:2)
  A freezing wraith (IceCv)
  A harpy zombie (Shoals:1)
  2 merfolk (Shoals:1)
  A queen bee (Lair:4)
  3 trolls
  2 polar bears (Lair:2)
  A wind drake (Lair:6)
  3 dream sheep (Lair:6)
  2 blink frogs
  4 slime creatures
  2 snapping turtles (Shoals:1)
  A spriggan zombie (D:15)
  A culicivora (Lair:2)
  8 yaks
  2 wraiths
  A basilisk (Lair:6)
  A wyvern (Lair:6)
  A neqoxec (Abyss:3)
  5 water moccasins
  An acid dragon (D:10)
  10 orc warriors
  3 black bears (Lair:2)
  7 ogres
  2 wolves (Lair:1)
  5 centaurs
  A small abomination (Abyss:3)
  A kobold brigand (D:10)
  2 bullfrogs (Lair:2)
  A scorpion (D:9)
  4 killer bees
  2 wights
  A howler monkey (D:10)
  An oklob sapling (D:9)
  2 orc priests (Orc:1)
  2 hell rats
  3 orc wizards
  2 gnolls (D:9)
  An adder (D:9)
  A white imp (D:7)
  13 orcs
  An endoplasm (Lair:5)
  2 ball pythons (D:9)
157 creatures vanquished.

Vanquished Creatures (others)
  13 knights
  An orc wizard (Orc:1)
  2 ancestors
  32 fungi
  69 plants
  7 withered plants (D:15)
124 creatures vanquished.

Grand Total: 965 creatures vanquished

Notes
Turn   | Place    | Note
-------+----------+-------------------------------------------
     0 | D:1      | cbfl8 the Demonspawn Fighter began the quest for the Orb.
     0 | D:1      | Reached XP level 1. HP: 18/18 MP: 1/1
    12 | D:1      | Found Daworasu's Weapon Shoppe.
   197 | D:1      | Gained mutation: You are partially covered in icy blue
                  | scales. (AC +2) [demonic ancestry]
   197 | D:1      | Reached XP level 2. HP: 20/24 MP: 2/2
   496 | D:1      | Reached skill level 2 in Axes
   582 | D:1      | Found a faded altar of an unknown god.
   626 | D:1      | Reached skill level 1 in Evocations
   920 | D:2      | Reached XP level 3. HP: 29/29 MP: 3/3
  1168 | D:2      | Gained mutation: You have a pair of small horns on your
                  | head. [demonic ancestry]
  1168 | D:2      | Reached XP level 4. HP: 35/35 MP: 4/4
  1467 | D:3      | Reached skill level 3 in Axes
  1929 | D:3      | Gained mutation: You have a pair of horns on your head.
                  | [demonic ancestry]
  1929 | D:3      | Reached XP level 5. HP: 29/41 MP: 5/5
  2269 | D:3      | Reached skill level 4 in Axes
  2269 | D:3      | Reached XP level 6. HP: 40/47 MP: 6/6
  2693 | D:4      | Noticed Natasha
  2698 | D:4      | Killed Natasha
  3101 | D:4      | Noticed Natasha
  3107 | D:4      | Killed Natasha
  3135 | D:4      | Gained mutation: You regenerate a little health from kills.
                  | [demonic ancestry]
  3135 | D:4      | Reached XP level 7. HP: 54/54 MP: 7/7
  3155 | D:4      | Noticed Robin
  3167 | D:4      | Killed Robin
  3204 | D:4      | Found a staircase to the Ecumenical Temple.
  3273 | Temple   | Entered the Ecumenical Temple
  3458 | Temple   | Became a worshipper of Hepliaklqana the Forgotten
  3660 | D:4      | Noticed Natasha
  3666 | D:4      | Killed Natasha
  3667 | D:4      | Reached skill level 5 in Axes
  3701 | D:5      | Entered Level 5 of the Dungeon
  3792 | D:5      | Found Rofucsa's Overcharged Wands.
  4407 | D:6      | Reached XP level 8. HP: 49/61 MP: 8/8
  4512 | D:6      | Reached skill level 6 in Axes
  4956 | D:6      | Found an opulent altar of Gozag.
  5514 | D:6      | Reached * piety under Hepliaklqana
  5756 | D:7      | Reached skill level 5 in Fighting
  5756 | D:7      | Reached skill level 7 in Axes
  5851 | D:7      | Reached skill level 5 in Evocations
  5896 | D:7      | Gained mutation: You may rarely emit foul miasma when
                  | damaged in melee. [demonic ancestry]
  5896 | D:7      | Reached XP level 9. HP: 51/61 MP: 9/9
  6087 | D:7      | Noticed a two-headed ogre
  6194 | D:7      | HP: 3/61 [two-headed ogre/+0 giant spiked club (24)]
  6195 | D:7      | Killed a two-headed ogre
  6196 | D:7      | Reached skill level 5 in Armour
  6678 | D:7      | Reached skill level 8 in Axes
  6853 | D:7      | Reached skill level 5 in Shields
  7047 | D:8      | Gained mutation: You are mostly covered in icy blue scales.
                  | (AC +3) [demonic ancestry]
  7047 | D:8      | Reached XP level 10. HP: 59/68 MP: 10/10
  7228 | D:8      | Found a staircase to the Lair.
  7440 | D:9      | Reached ** piety under Hepliaklqana
  7605 | D:9      | Remembered your ancestor Valentine as a knight
  7633 | D:9      | Reached skill level 9 in Axes
  8117 | D:9      | Identified the +1 robe "Yplub" {Harm Dex+5}
  8999 | D:10     | Entered Level 10 of the Dungeon
  9006 | D:10     | Noticed a soul eater
  9482 | D:10     | Found a staircase to the Orcish Mines.
  9532 | D:9      | Reached skill level 10 in Axes
  9532 | D:9      | Gained mutation: You have a pair of large horns on your
                  | head. [demonic ancestry]
  9532 | D:9      | Reached XP level 11. HP: 75/75 MP: 9/11
  9755 | D:10     | Noticed a two-headed ogre
  9757 | D:10     | Reached *** piety under Hepliaklqana
 10030 | D:9      | Killed a two-headed ogre
 10261 | D:10     | Noticed a death drake
 10266 | D:10     | a death drake changed into a jumping spider
 10715 | D:10     | Noticed a two-headed ogre
 10721 | D:10     | Killed a two-headed ogre
 10775 | D:10     | Noticed a death knight
 10887 | D:10     | Noticed a two-headed ogre
 10891 | D:10     | Killed a two-headed ogre
 11043 | D:10     | Noticed a deep elf pyromancer
 11046 | D:10     | Killed a deep elf pyromancer
 11194 | D:10     | Noticed a deep elf pyromancer
 11202 | D:10     | Killed a deep elf pyromancer
 11288 | D:11     | Reached skill level 11 in Axes
 11702 | D:11     | Noticed a white ugly thing
 11713 | D:11     | Killed a white ugly thing
 12144 | D:12     | Noticed a skeletal warrior
 12144 | D:12     | Noticed a skeletal warrior
 12144 | D:12     | Noticed a skeletal warrior
 12144 | D:12     | Noticed a skeletal warrior
 12145 | D:12     | Noticed a skeletal warrior
 12235 | D:12     | Found Gogry's Book Shop.
 12270 | D:12     | Found a frozen archway.
 12275 | D:12     | Noticed an ice dragon
 12296 | D:12     | Killed an ice dragon
 12297 | D:12     | Gained mutation: You sometimes emit foul miasma when
                  | damaged in melee. [demonic ancestry]
 12297 | D:12     | Reached XP level 12. HP: 53/83 MP: 12/12
 12337 | IceCv    | Entered an ice cave
 12340 | IceCv    | Found a transporter.
 12462 | IceCv    | Found a transporter.
 12523 | IceCv    | Got Sif Muna's Tome of the Blaze
 12769 | D:12     | Identified the +6 hunting sling of Juagiakk {flame, rElec
                  | rF+ Str+4 Stlth+}
 12825 | D:12     | Noticed a boulder beetle
 13022 | D:12     | Killed a boulder beetle
 13385 | D:12     | Found Duceukh's Armour Boutique.
 13390 | D:12     | Bought the +5 chain mail of the Everdark {Str+2 Dex+3
                  | Stlth+} for 697 gold pieces
 13410 | D:12     | Noticed Sonja
 13415 | D:12     | Killed Sonja
 13839 | D:12     | Reached skill level 12 in Axes
 14432 | D:13     | Noticed a lich
 14432 | D:13     | Noticed a lich
 14432 | D:13     | Found a runed translucent gate.
 14432 | D:13     | Found a runed translucent gate.
 14432 | D:13     | Found a runed translucent gate.
 14432 | D:13     | Found an ancient bone altar of Kikubaaqudgha.
 14433 | D:13     | Noticed a lich
 14435 | D:13     | Noticed a lich
 14435 | D:13     | Noticed cbfl8's ghost (journeyman MiBe)
 14451 | D:13     | Noticed a two-headed ogre
 14457 | D:13     | Killed a two-headed ogre
 14525 | D:13     | Identified the ring of Liberty {rPois rF+ rCorr Str-3
                  | Dex+6}
 14589 | D:13     | Reached skill level 10 in Evocations
 14659 | D:13     | Reached **** piety under Hepliaklqana
 14667 | D:13     | Gained mutation: You regenerate health from kills. [demonic
                  | ancestry]
 14667 | D:13     | Reached XP level 13. HP: 74/90 MP: 13/13
 15873 | D:13     | Reached skill level 13 in Axes
 16176 | D:14     | Found a gate to the Vaults.
 16357 | D:14     | Reached skill level 10 in Fighting
 16968 | D:15     | Entered Level 15 of the Dungeon
 17481 | D:14     | HP: 2/92 [two-headed ogre/+0 giant club (13)]
 18259 | D:14     | Gained mutation: You regenerate a lot of health from kills.
                  | [demonic ancestry]
 18259 | D:14     | Reached XP level 14. HP: 69/99 MP: 11/14
 18569 | D:14     | Reached skill level 10 in Armour
 18899 | D:15     | Reached skill level 14 in Axes
 18965 | D:15     | Found a staircase to the Depths.
 19746 | Lair:1   | Entered Level 1 of the Lair of Beasts
 20022 | Lair:1   | Reached ***** piety under Hepliaklqana
 21000 | Lair:2   | Found a hole to the Spider Nest.
 21863 | Lair:3   | Found a staircase to the Shoals.
 22404 | Lair:4   | Reached skill level 15 in Axes
 22720 | Lair:4   | Reached XP level 15. HP: 107/107 MP: 15/15
 23108 | Lair:4   | Reached ****** piety under Hepliaklqana
 23315 | Lair:5   | Noticed Nessos
 23438 | Lair:5   | Found a stormy altar of Qazlal.
 23518 | Lair:5   | Found a runed translucent door.
 23519 | Lair:5   | Found a viscous altar of Jiyva.
 23521 | Lair:5   | Found a staircase to the Slime Pits.
 23543 | Lair:5   | Killed Nessos
 24054 | Lair:5   | Identified a scroll of acquirement
 24096 | Lair:5   | Acquired 634 gold pieces
 24108 | Lair:6   | Entered Level 6 of the Lair of Beasts
 24786 | Lair:6   | Reached skill level 16 in Axes
 25071 | Lair:6   | Identified the +3 scale mail "Hejoddy" {rPois rF+}
 25259 | Orc:1    | Entered Level 1 of the Orcish Mines
 25357 | Orc:1    | Found Galal's Gadget Gallery.
 25446 | Orc:1    | Noticed an orc warlord
 25455 | Orc:1    | Killed an orc warlord
 25736 | Orc:1    | Found Paemigh's Armour Shop.
 25872 | Orc:2    | Entered Level 2 of the Orcish Mines
 26052 | Orc:2    | Paralysed by an ogre mage for 7 turns
 26064 | Orc:2    | Found Qitz's Magic Scroll Boutique.
 26064 | Orc:2    | Found Dizeh's Weapon Shoppe.
 26104 | Orc:2    | Noticed an orc warlord
 26115 | Orc:2    | Found Urisa's Antique Armour Emporium.
 26127 | Orc:2    | Reached XP level 16. HP: 100/114 MP: 14/16
 26141 | Orc:2    | Found Woadgh's Weapon Emporium.
 26256 | Orc:2    | Found a staircase to the Elven Halls.
 26342 | Orc:2    | Bought a scroll of magic mapping for 52 gold pieces
 26342 | Orc:2    | Bought a scroll of magic mapping for 52 gold pieces
 26745 | Orc:2    | Bought a jewelled plate armour for 980 gold pieces
 26745 | Orc:2    | Identified the +1 plate armour of Greater Demons {rF+} (You
                  | bought it in a shop on level 2 of the Orcish Mines)
 26962 | Shoals:1 | Entered Level 1 of the Shoals
 26978 | Shoals:1 | Noticed Donald
 26990 | Shoals:1 | Killed Donald
 27380 | Shoals:1 | Cast into level 3 of the Abyss (merfolk impaler)
 27481 | Shoals:1 | Escaped the Abyss
 27487 | Shoals:1 | Mangled by a merfolk impaler (illusionary)

Illustrated notes

Levels and vault maps discovered:
D:1:      scummos_arrival_hexagon, layout_rooms,
          shapermc_ecumenical_altar_mp_urbaneastern, serial_shops, shop,
          chequers_serial_rivers_room_b, minmay_pentomino_u2
D:2:      layout_basic
D:3:      layout_basic, serial_corexii_hall, corexii_hall_statues_l,
          corexii_hall_statues_deadend, corexii_hall_statues_t,
          minmay_joined_circles
D:4:      layout_loops_ring, temple_pool_b, st_stairs_7, uniq_robin,
          uniq_natasha
D:5:      layout_loops_cross, minmay_misc_feat_tower,
          nicolae_shop_overcharged_wands
D:6:      layout_loops_ring, lemuel_doored_altar, serial_bayou_pond_c,
          eino_small_chamber_without_monster, kennysheep_generic_room_11
D:7:      layout_rooms, minmay_fire_ice_demons
D:8:      layout_rooms, lair_entry_dummy
D:9:      layout_irregular_city, introduction_to_nature_2
D:10:     nzn_winding_woodlands_medium [nzn_winding_woodlands_5x5_perimeter,
          nzn_winding_woodlands_5x15_cabin, nzn_winding_woodlands_5x5_open_star,
          nzn_winding_woodlands_5x5_cross,
          nzn_winding_woodlands_center_triple_pond,
          nzn_winding_woodlands_hourglass, nzn_winding_woodlands_5x5_default,
          nzn_winding_woodlands_5x15_pool,
          nzn_winding_woodlands_5x5_closed_star], layout_gridville, david_orc_5
D:11:     layout_big_octagon
D:12:     layout_roguey, portal_ice_cave_entry_animals_and_master, serial_shops,
          kennysheep_little_box, shop, hangedman_decor_clover_reticule,
          uniq_sonja
D:13:     layout_stronghold, gammafunk_ghost_crypt,
          ebering_dispersal_statue_hall, wad_mini_maze
D:14:     layout_loops_ring, david_vaults_4, minmay_misc_feat_columns
D:15:     gammafunk_depths_entry_grave, layout_long_grid,
          nicolae_tso_swordbearing_angel
Temple:   roderic_octagonal_lattice_temple
Lair:1:   layout_cave_pods, grunt_megastairs_2
Lair:2:   beast_lair_carwin_large_4, layout_concentric_octagons,
          spider_nest_entry_funnel_web, lemuel_fruit_tree
Lair:3:   layout_regular_city, shoals_dummy_entry, grunt_megastairs_3
Lair:4:   regret_index_wax_grids, layout_concentric_octagons
Lair:5:   layout_loops_ring, slime_altar_2, nicolae_quartered_pool_medium,
          lemuel_centaur_altar, uniq_nessos
Lair:6:   gammafunk_lair_ancient_temple, layout_misc_corridors, minivault_19
Shoals:1: layout_shoals, nicolae_shoals_undead_eyrie, uniq_donald
Orc:1:    orc_temple, layout_caves, serial_shops, nicolae_diamond_shop,
          basic_altar, nicolae_shop_gadgets
Orc:2:    st_orc_open, layout_diamond_mine

Skill      XL: |  1  2  3  4  5  6  7  8  9 10 11 12 13 14 15 |
---------------+----------------------------------------------+-----
Axes           | 2 3 4 5 7 8 10 11 12 13 15 16 | 16.8
Evocations     | 1 2 3 5 6 7 8 10 11 12 13 | 13.8
Armour         | 3 4 5 6 7 8 9 10 11 | 11.8
Shields        | 3 4 5 6 7 8 9 |  9.8
Fighting       | 4 5 6 7 8 9 10 11 12 | 12.6

Action                   |  1- 3 |  4- 6 |  7- 9 | 10-12 | 13-15 | 16-18 || total
-------------------------+-------+-------+-------+-------+-------+-------++-------
Melee: War axe           |   117 |   169 |   253 |   125 |       |       ||   664
       Headbutt          |       |    31 |    46 |   125 |   276 |    44 ||   522
       Broad axe         |       |       |       |   345 |  1023 |   161 ||  1529
Invok: Ancestor Identity |       |       |     1 |       |       |       ||     1
       Recall Ancestor   |       |       |       |     4 |     2 |     1 ||     7
       Ancestor Life: Kn |       |       |       |     1 |       |       ||     1
Evoke: Wand              |       |       |     5 |    12 |    13 |     4 ||    34
       Condenser vane    |       |       |       |     1 |       |       ||     1
  Use: Potion            |       |     1 |       |    12 |     6 |     4 ||    23
       Scroll            |       |       |     9 |     8 |    17 |     2 ||    36
 Stab: Distracted        |       |       |     2 |     3 |    14 |     3 ||    22
       Paralysed         |       |       |       |       |     9 |       ||     9
Armor: Scale mail        |    72 |    90 |    76 |       |       |       ||   238
       Plate armour      |       |       |    63 |   269 |       |   149 ||   481
       Chain mail        |       |       |       |    44 |   683 |    23 ||   750
Dodge: Dodged            |    71 |    62 |    86 |   129 |   339 |    50 ||   737
Block: Buckler           |    36 |    59 |   120 |   217 |   547 |    36 ||  1015
       Kite shield       |       |       |       |       |       |    96 ||    96
       Reflection        |       |       |       |       |       |     3 ||     3
